 Dungeon Crawl Stone Soup version 0.20.1-1-g8b1a95d (webtiles) character file.

4593 Timinator the Grappler (level 10, 0/98 HPs)
             Began as a Troll Monk on Nov 4, 2017.
             Was a Priest of Okawaru.
             Slain by a death yak (25 damage)
             ... on level 9 of the Dungeon.
             The game lasted 00:07:49 (7046 turns).

Timinator the Grappler (Troll Monk)                 Turns: 7046, Time: 00:07:50

Health: 0/98       AC:  5    Str: 21    XL:     10   Next: 18%
Magic:  9/9        EV: 13    Int:  7    God:    Okawaru [***...]
Gold:   768        SH:  0    Dex: 14    Spells: 9/9 levels left

rFire    . . .     SeeInvis .     - Unarmed
rCold    . . .     Gourm    +   (no shield)
rNeg     . . .     Faith    .   a - +0 robe
rPois    .         Spirit   .   (helmet restricted)
rElec    .         Reflect  .   (no cloak)
rCorr    .         Harm     .   (gloves unavailable)
MR       .....                  (boots unavailable)
Stlth    ++........             (no amulet)
Regen    0.7/turn               (no ring)
MPRegen  0.2/turn               (no ring)

@: no status effects
A: unfitting armour, claws 3, fast metabolism 3, gourmand, regeneration 1,
shaggy fur 1, tough skin 2
a: Heroism, Renounce Religion


You were on level 9 of the Dungeon.
You worshipped Okawaru.
Okawaru was most pleased with you.
You were not hungry.

You visited 2 branches of the dungeon, and saw 10 of its levels.
You also visited: Ossuary.

You collected 768 gold pieces.

Inventory:

Armour
 a - a +0 robe (worn)
Jewellery
 j - an uncursed ring of ice {unknown}
 o - a +6 ring of slaying {unknown}
 p - a +3 amulet of reflection {unknown}
 q - a +2 ring of evasion {unknown}
 r - a +5 ring of dexterity {unknown}
 A - a cursed ring of teleportation {unknown}
 I - an uncursed amulet of rage {unknown}
 K - an uncursed ring of poison resistance {unknown}
Wands
 d - a wand of polymorph (20/24)
 k - a wand of polymorph (6/24)
 t - a wand of iceblast (7/15)
 u - a wand of random effects (32/48)
 y - a wand of digging (17/24)
 C - a wand of flame (34/48)
 H - a wand of flame (17/48)
Scrolls
 e - 10 scrolls of identify {unknown}
 f - 2 scrolls of fear
 g - 4 scrolls of teleportation {unknown}
 l - a scroll of magic mapping {unknown}
 m - 2 scrolls of amnesia {unknown}
 n - 3 scrolls of blinking {unknown}
 s - 3 scrolls of remove curse {unknown}
 x - a scroll of vulnerability {unknown}
 D - a scroll of silence {unknown}
 E - a scroll of recharging {unknown}
 G - a scroll of fog {unknown}
 J - a scroll of immolation {unknown}
Potions
 c - a potion of brilliance
 v - a potion of lignification {unknown}
 w - a potion of degeneration {unknown}
 z - a potion of invisibility {unknown}
 B - a potion of resistance
 F - a potion of berserk rage {unknown}
Comestibles
 b - 6 bread rations
 h - 2 meat rations
 i - 5 fruits


   Skills:
 + Level 6.1 Fighting
 + Level 5.5 Armour
 + Level 6.1 Dodging
 - Level 1.0 Stealth
 * Level 9.9 Unarmed Combat


You had 9 spell levels left.
You didn't know any spells.

Dungeon Overview and Level Annotations

Branches:
Dungeon (9/15)             Temple (1/1) D:5            Lair (0/6) D:9
    Orc: D:9-12

Altars:
Ashenzari
Cheibriados
Dithmenos
Elyvilon
Fedhas
Gozag
Hepliaklqana
Kikubaaqudgha
Makhleb
Nemelex Xobeh
Okawaru
Qazlal
Ru
Sif Muna
Uskayaw
Vehumet
Xom
Yredelemnul
Zin
The Shining One

Shops:
D:9 }

Annotations:
D:3 Grinder


Innate Abilities, Weirdness & Mutations

You are too large for most types of armour.
You have claws for hands.
Your metabolism is lightning-fast.
You like to eat raw meat.
Your natural rate of healing is unusually fast.
You are covered in fur. (AC +1)
You have very tough skin. (AC +2)


Message History

The death yak is almost dead.
The death yak misses you.
You mangle the death yak!!
You kill the death yak!
Okawaru is honoured by your kill.
Your Fighting skill increases to level 6!
Your Dodging skill increases to level 6!
You claw the death yak!
The death yak is almost dead.
The death yak barely misses you.
You scratch the death yak.
The death yak is almost dead.
The death yak gores you!
* * * LOW HITPOINT WARNING * * *
Okay, then.
As you read the scroll labeled DEOGIME VYZIUS, it crumbles to dust.
You assume a fearsome visage.
The death yak easily resists.
The death yak looks frightened!
It was a scroll of fear.
The death yak gores you!!
You die...

#.......#
#...#'#....
#.####..#
#...+∩+...#
# #..#
#..<#'##..#
#..#
#.....##..#
#..#
#....###..#
#..# #...##
#..# #.Y#
#...# #..#
#.Y# #...#
#..# #.@#
#...# #..#
#...# #..#
#... #..#
...# #####


You could see 2 death yaks.

Vanquished Creatures
  A death yak (D:9)
  A two-headed ogre (D:8)
  A hippogriff (D:8)
  Sigmund (D:4)
  Eustachio (D:4)
  Menkaure (D:5)
  An ice beast (D:8)
  5 ogres
  A necrophage (D:5)
  2 centaurs
  A big kobold (D:7)
  An elf zombie (Ossuary)
  2 bullfrogs (D:6)
  A gnoll sergeant (D:7)
  Blork the orc (D:5)
  4 scorpions
  8 howler monkeys
  4 crimson imps
  2 bullfrog zombies
  2 centaur zombies (Ossuary)
  2 bullfrog skeletons
  A human zombie (Ossuary)
  2 orc priests (D:8)
  A centaur skeleton (D:5)
  Ijyb (D:5)
  3 iguanas
  9 worker ants
  3 big kobold zombies (Ossuary)
  A hound skeleton (D:6)
  2 mummies (Ossuary)
  A worker ant zombie (D:6)
  5 gnolls (D:7)
  10 adders
  2 shadow imps
  An ooze (D:3)
  An adder skeleton (D:6)
  An adder zombie (D:6)
  A worm (D:4)
  2 dart slugs
  6 leopard geckos
  14 orcs
  5 giant cockroaches
  6 goblins
  9 hobgoblins
  6 jackals
  2 quokkas
  3 ball pythons
  6 bats
  4 frilled lizards
  2 gnoll zombies (Ossuary)
  A goblin zombie (Ossuary)
  3 hobgoblin zombies (Ossuary)
  14 kobolds
  An orc zombie (Ossuary)
  A quokka skeleton (D:7)
  5 rats
178 creatures vanquished.

Notes
Turn   | Place    | Note
-------+----------+-------------------------------------------
     0 | D:1      | Timinator the Troll Monk began the quest for the Orb.
     0 | D:1      | Reached XP level 1. HP: 22/22 MP: 0/0
   410 | D:1      | Reached XP level 2. HP: 27/29 MP: 1/1
   611 | D:2      | Reached skill level 1 in Armour
   836 | D:2      | Reached XP level 3. HP: 36/36 MP: 2/2
  1018 | D:2      | Reached XP level 4. HP: 44/44 MP: 3/3
  1364 | D:3      | Reached skill level 4 in Unarmed Combat
  1699 | D:3      | Noticed Grinder
  1710 | D:3      | Paralysed by Grinder for 3 turns
  1783 | D:4      | Reached XP level 5. HP: 33/53 MP: 4/4
  1856 | D:4      | Found a shadowy altar of Dithmenos.
  1857 | D:4      | Noticed Sigmund
  1894 | D:4      | Killed Sigmund
  1894 | D:4      | Reached skill level 5 in Unarmed Combat
  1894 | D:4      | Reached XP level 6. HP: 17/61 MP: 5/5
  2096 | D:4      | Noticed Eustachio
  2119 | D:4      | Killed Eustachio
  2119 | D:4      | Reached XP level 7. HP: 55/67 MP: 6/6
  2571 | D:5      | Entered Level 5 of the Dungeon
  2598 | D:5      | Noticed Menkaure
  2602 | D:5      | Killed Menkaure
  2602 | D:5      | Reached skill level 6 in Unarmed Combat
  2603 | D:5      | Noticed Blork the orc
  2615 | D:5      | Killed Blork the orc
  2792 | D:5      | Found a stormy altar of Qazlal.
  2857 | D:5      | Reached XP level 8. HP: 43/76 MP: 7/7
  2902 | D:5      | Found a glowing golden altar of the Shining One.
  2902 | D:5      | Found an opulent altar of Gozag.
  2913 | D:5      | Noticed Ijyb
  2918 | D:5      | Killed Ijyb
  3166 | D:5      | Reached skill level 7 in Unarmed Combat
  3184 | D:5      | Found a staircase to the Ecumenical Temple.
  3199 | Temple   | Entered the Ecumenical Temple
  3690 | D:6      | Found a sand-covered staircase.
  3717 | Ossuary  | Entered an ossuary
  4482 | D:6      | Reached skill level 5 in Fighting
  4667 | D:6      | Found a basalt altar of Yredelemnul.
  4667 | D:6      | Found a radiant altar of Vehumet.
  4690 | D:6      | Found a burning altar of Makhleb.
  4779 | D:7      | Reached skill level 8 in Unarmed Combat
  4779 | D:7      | Reached XP level 9. HP: 88/88 MP: 8/8
  4791 | D:7      | Reached skill level 5 in Dodging
  5076 | D:7      | Found an iron altar of Okawaru.
  5181 | D:7      | Became a worshipper of Warmaster Okawaru
  5181 | D:7      | Reached * piety under Okawaru
  5181 | D:7      | Reached ** piety under Okawaru
  5860 | D:8      | Noticed a two-headed ogre
  5864 | D:8      | Killed a two-headed ogre
  5864 | D:8      | Reached skill level 5 in Armour
  5864 | D:8      | Reached skill level 9 in Unarmed Combat
  6771 | D:8      | Reached *** piety under Okawaru
  6819 | D:8      | Found a sacrificial altar of Ru.
  6821 | D:8      | Found a blossoming altar of Fedhas.
  6871 | D:8      | Reached XP level 10. HP: 86/98 MP: 9/9
  6979 | D:9      | Found Ahuej's Gadget Shoppe.
  6993 | D:9      | Noticed a death yak
  6994 | D:9      | Found a staircase to the Lair.
  6995 | D:9      | Noticed a death yak
  6996 | D:9      | Noticed a death yak
  7028 | D:9      | Killed a death yak
  7046 | D:9      | Slain by a death yak

Skill      XL: |  1  2  3  4  5  6  7  8  9 10 |
---------------+-------------------------------+-----
Armour         | 1 2 3 4 5 |  5.5
Unarmed Combat | 4 5 6 8 9 |  9.9
Fighting       | 3 4 5 6 |  6.1
Dodging        | 3 4 5 6 |  6.1
Stealth        | |  1.0

Action                   |  1- 3 |  4- 6 |  7- 9 | 10-12 || total
-------------------------+-------+-------+-------+-------++-------
Melee: Unarmed           |    76 |    85 |   334 |    16 ||   511
       Punch             |     1 |     1 |    16 |     2 ||    20
Invok: Heroism           |       |       |     1 |     1 ||     2
  Use: Potion            |       |     2 |     1 |       ||     3
       Scroll            |       |       |       |     1 ||     1
 Stab: Sleeping          |     2 |     2 |     4 |       ||     8
       Distracted        |       |       |     2 |       ||     2
  Eat: Chunk             |     6 |    11 |    36 |       ||    53
       Royal jelly       |       |       |     2 |       ||     2
       Bread ration      |       |       |     1 |       ||     1
Armor: Robe              |    27 |    39 |    55 |       ||   121
Dodge: Dodged            |    49 |    60 |   197 |     8 ||   314
